 Dungeon Crawl Stone Soup version 0.28-a0-461-g2dc4ca5097 (webtiles) character file.

Game seed: 6664700155224055552

2 dduke234 the Covered (level 1, -1/18 HPs)
             Began as a Demigod Fighter on Sept 13, 2021.
             Slain by a hobgoblin (3 damage)
             ... on level 1 of the Dungeon.
             The game lasted 00:00:29 (85 turns).

dduke234 the Covered (Demigod Fighter)                Turns: 85, Time: 00:00:30

Health: -1/18      AC:  6    Str: 17    XL:     1   Next: 26%
Magic:  3/3        EV:  9    Int: 10    God:
Gold:   13         SH:  4    Dex: 13    Spells: 0/0 levels left

rFire   . . .      SeeInvis .   a - +0 long sword
rCold   . . .      Faith    .   c - +0 buckler
rNeg    . . .      Spirit   .   b - +0 scale mail
rPois   .          Reflect  .   (no helmet)
rElec   .          Harm     .   (no cloak)
rCorr   .          Rampage  .   (no gloves)
Will    .....                   (no boots)
Stlth   ..........              (no amulet)
HPRegen 0.06/turn               (no ring)
MPRegen 0.08/turn               (no ring)

@: no status effects
A: high mp 1, forlorn
a: no special abilities


You were on level 1 of the Dungeon.
You visited 1 branch of the dungeon, and saw 1 of its levels.

You collected 13 gold pieces.

Inventory:

Hand Weapons
 a - a +0 long sword (weapon)
Armour
 b - a +0 scale mail (worn)
 c - a +0 buckler (worn)
Potions
 d - a potion of might


   Skills:
 * Level 2.7 Fighting
 * Level 1.7 Long Blades
 * Level 2.8 Armour
 * Level 2.7 Shields


You couldn't memorise any spells.
You didn't know any spells.
Your spell library was empty.

Dungeon Overview and Level Annotations

Branches:
Dungeon (1/15)


Innate Abilities, Weirdness & Mutations

Your attributes grow dramatically as you level up.
You have an increased reservoir of magic. (+10% MP)
You shall have no god before yourself.


Message History

You hit the quokka.
The quokka is severely wounded.
The quokka bites you but does no damage.
The quokka barely misses you. The hobgoblin closely misses you.
You barely miss the quokka.
The quokka is severely wounded.
The quokka barely misses you. The hobgoblin barely misses you.
The quokka bites you.
You barely miss the quokka.
The quokka is severely wounded.
You block the hobgoblin's attack. The quokka bites you.
The hobgoblin hits you but does no damage.
You barely miss the quokka.
The quokka is severely wounded.
The quokka bites you but does no damage.
The quokka closely misses you.
The hobgoblin hits you but does no damage.
You closely miss the quokka.
The quokka is severely wounded.
The quokka bites you but does no damage.
The hobgoblin hits you but does no damage.
You barely miss the quokka.
The quokka is severely wounded.
The quokka bites you. The hobgoblin misses you. The quokka barely misses you.
The hobgoblin hits you but does no damage.
You closely miss the quokka.
The quokka is severely wounded.
You block the quokka's attack. The hobgoblin hits you.
The quokka bites you but does no damage.
You closely miss the quokka.
The quokka is heavily wounded.
The quokka closely misses you. The hobgoblin hits you.
* * * LOW HITPOINT WARNING * * *
You hit the quokka.
You kill the quokka!
The hobgoblin hits you.
* * * LOW HITPOINT WARNING * * *
The hobgoblin barely misses you.
You closely miss the hobgoblin. The hobgoblin hits you.
You die...

...######.≈.
###..#..#_#...##
#...(#..#.#≈...
#.#....≈.P.# .#
##.#P...⌠.P.#..#
#....P.⌠⌠.P.#..#
#.g..P.P.#P.#
#.@....[.?#
#..P.P.P..#
##..##.#.##
#$#.##...#
..##.##.### #.#
#.##.## ...
#.#...#####.# ##
#..........#
###...#####.#


You could see a hobgoblin.

Vanquished Creatures
  A quokka (D:1)
  A bat (D:1)
  A kobold (D:1)
3 creatures vanquished.

Vanquished Creatures (others)
  A fungus (D:1)
  3 plants (D:1)
4 creatures vanquished.

Grand Total: 7 creatures vanquished

Notes
Turn   | Place    | Note
-------+----------+-------------------------------------------
     0 | D:1      | dduke234 the Demigod Fighter began the quest for the Orb.
     0 | D:1      | Reached XP level 1. HP: 18/18 MP: 3/3
    85 | D:1      | Slain by a hobgoblin

Illustrated notes

Levels and vault maps discovered:
D:1:      minmay_arrival_five_plusses, layout_loops_ring, serial_shops,
          shop_fountains, shapermc_ecumenical_altar_mp_ritualfount,
          corexii_item_surrounded_by_moat, moated_statue

Action                   || total
-------------------------++-------
Melee: Long sword        ||    23
Armor: Scale mail        ||    16
Dodge: Dodged            ||    19
Block: Buckler           ||     2

Table legend: (Time is in decaauts)
 A = Elapsed time spent in this place.
 B = Non-inter-level travel time spent in this place.
 C = Inter-level travel time spent in this place.
 D = Time resting spent in this place.
 E = Time spent auto-exploring this place.
 F = Levels seen in this place.
 G = Mean time per level.
                   A        B        C        D        E       F      G
               +--------+--------+--------+--------+--------+-----+--------+
         Total |     92 |     92 |      0 |      0 |     43 |   1 |   92.0 |
       Dungeon |     92 |     92 |      0 |      0 |     43 |   1 |   92.0 |
               +--------+--------+--------+--------+--------+-----+--------+

Top non-repeatable levels by time:
     D:1: 92 daAuts
